[Event "Titled Tuesday Blitz December 7 2021"]
[White "Maksimenko, Viktor"]
[Black "Ozdemir, Serhan Berat"]
[WhiteFideId "13710478"]
[BlackFideId "6374611"]
[WhiteElo "2269"]
[BlackElo "1920"]
[Result "1-0"]
[Round "06"]
[TimeControl "180+1"]
[Date "2021.12.07"]
[WhiteClock "0:01:04"]
[BlackClock "0:00:01"]

1. d4 Nf6 2. c4 g6 3. Nc3 Bg7 4. e4 d6 5. Be2 O-O 6. Be3 c5 7. dxc5 dxc5 8. e5 Nfd7 9. f4 Nc6 10. Nf3 b6 11. O-O Bb7 12. Qe1 Qc8 13. Rd1 Rd8 14. Qh4 Nf8 15. Nd5 Ne6 16. Nxe7+ Nxe7 17. Qxe7 Re8 18. Qh4 Qc7 19. Rd2 Bc6 20. Rfd1 Bf8 21. Qg3 Ng7 22. Bf2 Nf5 23. Qh3 Rad8 24. Bh4 Nxh4 25. Qxh4 Be7 26. Qf2 Rxd2 27. Rxd2 Rd8 28. Qe1 Rxd2 29. Qxd2 Qd7 30. Qxd7 Bxd7 31. Kf2 Be6 32. Nd2 Kg7 33. Bf3 a6 34. b3 b5 35. Bd5 h6 36. Bxe6 fxe6 37. Kf3 g5 38. fxg5 hxg5 39. Ne4 Kg6 40. Kg4 bxc4 41. bxc4 a5 42. a4 1-0


[Site "https://www.chess.com"]

[Event "Titled Tuesday Blitz December 7 2021"]
[White "Maly, Alexey"]
[Black "Goryachkina, Aleksandra"]
[WhiteFideId "14103184"]
[BlackFideId "4147103"]
[WhiteElo "2294"]
[BlackElo "2441"]
[Result "1/2-1/2"]
[Round "06"]
[TimeControl "180+1"]
[Date "2021.12.07"]
[WhiteClock "0:02:59"]
[BlackClock "0:02:28"]

1. d4 Nf6 2. c4 e6 3. Nf3 b6 4. g3 Bb7 5. Bg2 Be7 6. O-O O-O 7. b3 d5 8. Nbd2 c5 9. Bb2 Nbd7 10. Rc1 Rc8 11. e3 cxd4 12. Nxd4 Nc5 13. Qe2 dxc4 14. Bxb7 Nxb7 15. Nxc4 1/2-1/2


[Site "https://www.chess.com"]

[Event "Titled Tuesday Blitz December 7 2021"]
[White "Mezentsev, Ivan"]
[Black "Romero Ruscalleda, Josep"]
[WhiteFideId "13706195"]
[BlackFideId "2231859"]
[WhiteElo "2295"]
[BlackElo "2321"]
[Result "1-0"]
[Round "06"]
[TimeControl "180+1"]
[Date "2021.12.07"]
[WhiteClock "0:00:31"]
[BlackClock "0:01:06"]

1. e4 g6 2. d4 Bg7 3. Nc3 d6 4. Be3 a6 5. Qd2 b5 6. f3 Nd7 7. h4 h5 8. Nh3 e6 9. Ng5 Qe7 10. a4 b4 11. Nd1 a5 12. Nf2 Ba6 13. Bxa6 Rxa6 14. b3 Nh6 15. O-O f6 16. Ngh3 Nf7 17. Rac1 O-O 18. Nf4 Kh7 19. c3 c5 20. cxb4 cxd4 21. Bxd4 e5 22. Nd5 Qe6 23. Be3 axb4 24. Nxb4 Raa8 25. Nd5 Rab8 26. b4 f5 27. Nh3 f4 28. Bf2 Nf6 29. Rc7 Nxd5 30. Rxf7 Kg8 31. Rxf8+ Bxf8 32. exd5 Qd7 33. b5 Be7 34. Ng5 Bd8 35. Qd3 Kg7 36. Ne6+ Kf7 37. Rc1 Ra8 38. Rc4 Kf6 39. Qxg6+ Kxg6 40. Nf8+ Kf6 41. Nxd7+ Ke7 42. Nb6 Rb8 43. a5 1-0


[Site "https://www.chess.com"]

[Event "Titled Tuesday Blitz December 7 2021"]
[White "Mitusov, Semen"]
[Black "Mikhailovsky, Vladimir"]
[WhiteFideId "14151049"]
[BlackFideId "34105414"]
[WhiteElo "2246"]
[BlackElo "2409"]
[Result "1-0"]
[Round "06"]
[TimeControl "180+1"]
[Date "2021.12.07"]
[WhiteClock "0:00:20"]
[BlackClock "0:00:01"]

1. e4 c6 2. d4 d5 3. e5 Bf5 4. h4 h5 5. Bg5 Qb6 6. Bd3 Bxd3 7. Qxd3 e6 8. Nd2 Qa6 9. c4 Ne7 10. Ne2 Nf5 11. Ng3 g6 12. Nxf5 gxf5 13. O-O Nd7 14. Qc2 dxc4 15. Nxc4 Nb6 16. Nxb6 Qxb6 17. d5 cxd5 18. Rac1 Bg7 19. Qa4+ Kf8 20. Qa3+ Kg8 21. Qg3 Kh7 22. Rfe1 Rhg8 23. Qf3 Kg6 24. Rc3 Qd4 25. Qe2 Rac8 26. Rg3 Bh6 27. Be3+ Qg4 28. Rxg4+ hxg4 29. Bxh6 Kxh6 30. Qb5 Rc7 31. Qa5 Rgc8 32. Qd2+ Kg7 33. Qg5+ Kh7 34. h5 Rg8 35. Qf6 g3 36. fxg3 Rxg3 37. Rf1 Rg7 38. Rf2 1-0


[Site "https://www.chess.com"]

[Event "Titled Tuesday Blitz December 7 2021"]
[White "Moskalenko, Alexander"]
[Black "Jobava, Baadur"]
[WhiteFideId "4155351"]
[BlackFideId "13601520"]
[WhiteElo "2515"]
[BlackElo "2689"]
[Result "0-1"]
[Round "06"]
[TimeControl "180+1"]
[Date "2021.12.07"]
[WhiteClock "0:00:24"]
[BlackClock "0:01:40"]

1. c4 c6 2. Nc3 d5 3. d4 Nf6 4. Nf3 dxc4 5. a4 Bf5 6. e3 e6 7. Bxc4 h6 8. Qe2 Bh7 9. e4 Be7 10. e5 Nd5 11. O-O a5 12. Rd1 O-O 13. Ne1 Na6 14. Nxd5 cxd5 15. Bd3 Nb4 16. Bxh7+ Kxh7 17. Nd3 Rc8 18. Nxb4 Bxb4 19. Qb5 Qh4 20. Be3 Rc2 21. Qxb7 Rxb2 22. Rab1 Rxb1 23. Rxb1 Qe4 24. Rc1 Qd3 25. Qc6 Rb8 26. h4 Bd2 27. Qc7 Bxc1 0-1


[Site "https://www.chess.com"]

[Event "Titled Tuesday Blitz December 7 2021"]
[White "Nakamura, Hikaru"]
[Black "Bortnyk, Olexandr"]
[WhiteFideId "2016192"]
[BlackFideId "14120828"]
[WhiteElo "2884"]
[BlackElo "2723"]
[Result "1-0"]
[Round "06"]
[TimeControl "180+1"]
[Date "2021.12.07"]
[WhiteClock "0:00:11"]
[BlackClock "0:00:01"]

1. e4 Nf6 2. Nc3 d6 3. d4 e5 4. Nf3 Nbd7 5. Bc4 Be7 6. O-O O-O 7. Qe2 c6 8. a4 a5 9. Rd1 Qc7 10. h3 exd4 11. Nxd4 Nc5 12. Nb3 Nxb3 13. Bxb3 Be6 14. Bxe6 fxe6 15. e5 dxe5 16. Qc4 Kh8 17. Be3 Bb4 18. Ne4 Nd5 19. Bc5 Bxc5 20. Qxc5 Rf4 21. f3 b6 22. Qd6 Qxd6 23. Nxd6 Ne3 24. Rdc1 Rd4 25. Ne4 Rad8 26. b3 Kg8 27. Kf2 Nd5 28. Re1 Nf6 29. Ng3 Rd2+ 30. Re2 Kf7 31. Re1 h5 32. Nf1 Rxe2+ 33. Rxe2 e4 34. fxe4 e5 35. Ke3 g6 36. Nd2 b5 37. Nf3 Ke6 38. Re1 bxa4 39. bxa4 Rb8 40. Ra1 Rb4 41. Nd2 Rb2 42. Kd3 Rb4 43. c3 Rb2 44. Rd1 Nd7 45. Ke3 Nb6 46. Ra1 g5 47. g4 hxg4 48. hxg4 Kf6 49. Kd3 Ke6 50. Nf3 Kf6 51. Rh1 Nxa4 52. Rh6+ Ke7 53. Rxc6 Rg2 54. Nxe5 Nb2+ 55. Kd4 a4 56. Ra6 Rd2+ 57. Kc5 Re2 58. Nc6+ Kd7 59. Kd5 Rd2+ 60. Nd4 Kc7 61. e5 Kb7 62. e6 Kxa6 63. e7 a3 64. e8=Q 1-0


[Site "https://www.chess.com"]

[Event "Titled Tuesday Blitz December 7 2021"]
[White "Narayanan, Srinath"]
[Black "Ferreira, Vitor Hugo Vieira"]
[WhiteFideId "5018420"]
[BlackFideId "2119765"]
[WhiteElo "2472"]
[BlackElo "2216"]
[Result "1-0"]
[Round "06"]
[TimeControl "180+1"]
[Date "2021.12.07"]
[WhiteClock "0:00:20"]
[BlackClock "0:00:04"]

1. Nf3 Nf6 2. e3 d5 3. c4 c6 4. b3 Bg4 5. Bb2 e6 6. Be2 Nbd7 7. Nc3 Bd6 8. Qc2 O-O 9. h3 Bh5 10. d4 Qe7 11. a3 a5 12. e4 dxe4 13. Nxe4 Nxe4 14. Qxe4 Bg6 15. Qe3 Rfe8 16. O-O e5 17. Rfe1 e4 18. Nd2 f5 19. c5 Bc7 20. Bc4+ Kh8 21. Qe2 f4 22. b4 Qg5 23. Qg4 Qe7 24. d5 Nf6 25. Bxf6 Qxf6 26. d6 Bd8 27. b5 Qc3 28. Qxf4 Bf6 29. bxc6 bxc6 30. Ra2 Rf8 31. Qe3 Qe5 32. Nxe4 Bxe4 33. Qxe4 Qxc5 34. Rd1 Rae8 35. Qd3 Rd8 36. d7 Bh4 37. Rdd2 Bg5 38. Re2 Bf4 39. Rac2 Qb6 40. g3 Bb8 41. Kg2 Qc7 42. Be6 Ba7 43. Bg4 Bb8 44. Rc5 Ba7 45. Rh5 h6 46. Rf5 Rxf5 47. Bxf5 Bb6 48. Re8+ Rxe8 49. dxe8=Q# 1-0


[Site "https://www.chess.com"]

[Event "Titled Tuesday Blitz December 7 2021"]
[White "Navalgund, Niranjan"]
[Black "Hakemi, Arman"]
[WhiteFideId "5030854"]
[BlackFideId "22520805"]
[WhiteElo "2290"]
[BlackElo "2208"]
[Result "1-0"]
[Round "06"]
[TimeControl "180+1"]
[Date "2021.12.07"]
[WhiteClock "0:01:04"]
[BlackClock "0:01:23"]

1. e4 c5 2. d4 cxd4 3. c3 d3 4. Nf3 Nc6 5. Bxd3 g6 6. O-O Bg7 7. c4 d6 8. Nc3 Nf6 9. Be3 O-O 10. Rc1 Ng4 11. Bf4 Nge5 12. Be2 h6 13. b3 Nxf3+ 14. Bxf3 Nd4 15. Nd5 Nxf3+ 16. Qxf3 Be6 17. Rfd1 Bxd5 18. Rxd5 Qb6 19. Qh3 Rac8 20. Bxh6 Qa6 21. a4 Qb6 22. Bxg7 Kxg7 23. Qc3+ f6 24. a5 Qc6 25. f3 Rc7 26. Qd4 b6 27. axb6 axb6 28. Rb5 Qxb5 29. cxb5 Rxc1+ 30. Kf2 Rc2+ 31. Kg3 Rc5 32. b4 Rxb5 33. Qc4 Rg5+ 34. Kf2 Ra8 35. h4 Re5 36. g4 g5 37. h5 b5 38. Qb3 d5 39. exd5 Rd8 40. Qd3 Rexd5 41. Qg6+ Kf8 42. h6 Rd2+ 43. Kg3 f5 44. h7 f4+ 45. Kh3 e6 46. Qf6+ Ke8 47. Qxe6+ Kf8 48. h8=Q# 1-0


[Site "https://www.chess.com"]

[Event "Titled Tuesday Blitz December 7 2021"]
[White "Nazaretyan, Tigran"]
[Black "Manukian, Artak"]
[WhiteFideId "24162345"]
[BlackFideId "13301373"]
[WhiteElo "2192"]
[BlackElo "2403"]
[Result "1-0"]
[Round "06"]
[TimeControl "180+1"]
[Date "2021.12.07"]
[WhiteClock "0:00:49"]
[BlackClock "0:00:33"]

1. d4 Nf6 2. c4 g6 3. Nc3 Bg7 4. e4 d6 5. Nf3 O-O 6. Be2 e5 7. O-O Nc6 8. d5 Ne7 9. b4 a5 10. bxa5 Rxa5 11. a4 Nd7 12. Ba3 b6 13. Bb4 Ra6 14. a5 Bh6 15. axb6 Nxb6 16. c5 Rxa1 17. Qxa1 dxc5 18. Bxc5 Re8 19. Nxe5 Bg7 20. f4 Nexd5 21. exd5 Nxd5 22. Nxd5 Qxd5 23. Qd4 Bb7 24. Qxd5 Bxd5 25. Rd1 Bxe5 26. fxe5 Rxe5 27. Bf1 h5 28. Bd4 Rf5 29. Rb1 f6 30. Bd3 Rg5 31. g3 Kf7 32. Rf1 f5 33. Be2 h4 34. Be3 1-0


[Site "https://www.chess.com"]

[Event "Titled Tuesday Blitz December 7 2021"]
[White "Nazari, Arad"]
[Black "Degtiarev, Evgeny"]
[WhiteFideId "12577324"]
[BlackFideId "4149610"]
[WhiteElo "2119"]
[BlackElo "2218"]
[Result "1-0"]
[Round "06"]
[TimeControl "180+1"]
[Date "2021.12.07"]
[WhiteClock "0:01:07"]
[BlackClock "0:00:03"]

1. e4 e5 2. Nf3 Nc6 3. Bb5 Nf6 4. O-O Nxe4 5. d4 Nd6 6. Bxc6 dxc6 7. dxe5 Nf5 8. Qxd8+ Kxd8 9. h3 h6 10. Nc3 Bd7 11. Ne4 Kc8 12. c4 b6 13. b3 c5 14. Re1 Kb7 15. Bb2 Be6 16. Rad1 Re8 17. g4 Ne7 18. Ng3 a5 19. a4 Ng6 20. Kh2 Be7 21. Nh5 Rhg8 22. Kg3 Rd8 23. Nf4 Nxf4 24. Kxf4 Rxd1 25. Rxd1 g5+ 26. Kg3 h5 27. Rd3 hxg4 28. hxg4 Rh8 29. Rd1 Kc6 30. Bc1 Rg8 31. Rh1 f6 32. exf6 Bd6+ 33. Kg2 Bxg4 34. Nxg5 Rg6 35. f7 Be6 36. Rh7 Be7 37. Kf1 Bd6 38. Nxe6 Rxe6 39. Bg5 Re5 40. Bf4 Rf5 41. Bxd6 cxd6 42. Ke2 Rf6 43. Ke3 d5 44. Rh6 Rxh6 45. f8=Q Rh3+ 46. f3 d4+ 47. Kd3 Rh7 48. Qc8+ Rc7 49. Qe6+ Kb7 50. f4 1-0


[Site "https://www.chess.com"]

[Event "Titled Tuesday Blitz December 7 2021"]
[White "Nozdrachev, Leonid"]
[Black "Kalajzic, Ivan"]
[WhiteFideId "24113433"]
[BlackFideId "14506378"]
[WhiteElo "2124"]
[BlackElo "2163"]
[Result "1-0"]
[Round "06"]
[TimeControl "180+1"]
[Date "2021.12.07"]
[WhiteClock "0:00:21"]
[BlackClock "0:00:40"]

1. e4 Nc6 2. Nf3 d6 3. d4 g6 4. d5 Nb8 5. h4 Bg4 6. Qd4 Nf6 7. e5 c5 8. Qa4+ Bd7 9. Qb3 dxe5 10. Qxb7 e4 11. Ne5 Bg7 12. Qxa8 O-O 13. Nc3 Qa5 14. Bd2 Nc6 15. Nxc6 Qb6 16. Qxa7 Qxa7 17. Nxa7 Ng4 18. Nc6 e6 19. Bb5 Re8 20. a4 exd5 21. Nxd5 Kf8 22. Bc3 e3 23. Bxg7+ Kxg7 24. Nxe3 Re6 25. Nd8 Rd6 26. Bxd7 Nxe3 27. fxe3 Rxd7 28. Nc6 Rd6 29. Ne5 Re6 30. Nc4 f5 31. a5 Kh6 32. a6 Re8 33. a7 Ra8 34. Nb6 Kh5 35. Nxa8 h6 36. Nb6 g5 37. hxg5+ Kg4 38. a8=Q f4 39. Qf3+ Kf5 40. Qxf4+ Kg6 41. Rxh6+ Kg7 42. Qf6+ 1-0


[Site "https://www.chess.com"]

[Event "Titled Tuesday Blitz December 7 2021"]
[White "Obolenskikh, Dmitry"]
[Black "Yurovskykh, Oleksandr"]
[WhiteFideId "4156013"]
[BlackFideId "14134020"]
[WhiteElo "2512"]
[BlackElo "2292"]
[Result "1-0"]
[Round "06"]
[TimeControl "180+1"]
[Date "2021.12.07"]
[WhiteClock "0:00:31"]
[BlackClock "0:00:07"]

1. Nf3 d5 2. e3 Nf6 3. c4 dxc4 4. Bxc4 e6 5. b3 c5 6. Bb2 Nc6 7. Nc3 Be7 8. Qb1 b6 9. h4 Bb7 10. h5 h6 11. Rh3 a6 12. Ne4 b5 13. Be2 Nxe4 14. Qxe4 Bf6 15. Bxf6 Qxf6 16. Rc1 Qe7 17. Rg3 O-O 18. Qf4 Kh8 19. Qg4 f5 20. Qh4 Qd6 21. Rg6 Rad8 22. Qg3 Qxg3 23. fxg3 e5 24. Rxc5 Rf6 25. Nxe5 Nxe5 26. Rxe5 Bxg2 27. Rxf6 gxf6 28. Rxf5 Rd6 29. Rc5 Be4 30. d4 Kg7 31. b4 Kf7 32. Kf2 f5 33. Bf3 Kf6 34. g4 Bxf3 35. Rxf5+ Ke6 36. Kxf3 Rc6 37. Re5+ Kf6 38. Rc5 Re6 39. e4 Rb6 40. Kf4 Ke6 41. Rc6+ 1-0


[Site "https://www.chess.com"]

[Event "Titled Tuesday Blitz December 7 2021"]
[White "Paravyan, David"]
[Black "Yoo, Christopher Woojin"]
[WhiteFideId "4194985"]
[BlackFideId "30909694"]
[WhiteElo "2656"]
[BlackElo "2105"]
[Result "1-0"]
[Round "06"]
[TimeControl "180+1"]
[Date "2021.12.07"]
[WhiteClock "0:00:11"]
[BlackClock "0:00:01"]

1. e4 c5 2. Nf3 e6 3. d4 cxd4 4. Nxd4 Nf6 5. Nc3 Nc6 6. Ndb5 Bc5 7. Bf4 O-O 8. Bc7 Qe7 9. Bd6 Bxd6 10. Qxd6 Qd8 11. Be2 Ne8 12. Qa3 a6 13. Nd6 Qe7 14. O-O-O b5 15. Qc5 Nxd6 16. Rxd6 Na5 17. Rd5 Qxc5 18. Rxc5 Bb7 19. Rd1 Bc6 20. Rg5 Nb7 21. Nd5 Rfd8 22. Rg3 Nc5 23. Ne7+ Kf8 24. Nxc6 dxc6 25. Rxd8+ Rxd8 26. Rc3 Nxe4 27. Rxc6 Rd6 28. Rxd6 Nxd6 29. Kd2 Ke7 30. Bd3 f5 31. f4 Kf6 32. Kc3 g5 33. fxg5+ Kxg5 34. Kd4 Nf7 35. c4 e5+ 36. Kc5 e4 37. Be2 bxc4 38. Bxc4 Ne5 39. Bxa6 Nd3+ 40. Kd4 Nxb2 41. Bb5 h5 42. a4 Nxa4 43. Bxa4 Kf4 44. Bd1 h4 45. Be2 Kg5 46. Ke5 1-0


[Site "https://www.chess.com"]

[Event "Titled Tuesday Blitz December 7 2021"]
[White "Perez Gormaz, Matias"]
[Black "Schuster, Karsten"]
[WhiteFideId "3406342"]
[BlackFideId "4611071"]
[WhiteElo "2352"]
[BlackElo "2367"]
[Result "1-0"]
[Round "06"]
[TimeControl "180+1"]
[Date "2021.12.07"]
[WhiteClock "0:00:27"]
[BlackClock "0:01:09"]

1. e4 c6 2. d4 d5 3. e5 Bf5 4. h4 h5 5. Bd3 Bxd3 6. Qxd3 e6 7. Nf3 Be7 8. Nbd2 Nh6 9. c4 Nf5 10. g3 Nd7 11. O-O Nb6 12. c5 Nd7 13. b4 a6 14. a4 O-O 15. Nb3 b5 16. Bd2 f6 17. exf6 Nxf6 18. Na5 Qc7 19. Ne5 Ne4 20. Naxc6 Bf6 21. Bf4 Qb7 22. Na5 Qe7 23. axb5 axb5 24. Ng6 Qf7 25. Nxf8 Rxf8 26. Nc6 Bxh4 27. Ra7 Qe8 28. Ne5 g5 29. gxh4 gxf4 30. Kh2 Qd8 31. Rg1+ Nfg3 32. fxg3 fxg3+ 33. Rxg3+ Kh8 34. Ng6+ Kg8 35. Nxf8+ Kxf8 36. Qf3+ Qf6 37. Qxf6+ Nxf6 38. Rf3 1-0


[Site "https://www.chess.com"]

[Event "Titled Tuesday Blitz December 7 2021"]
[White "Perrine, Dalton"]
[Black "Harshavardhan G B"]
[WhiteFideId "2048434"]
[BlackFideId "25059009"]
[WhiteElo "2445"]
[BlackElo "1825"]
[Result "1/2-1/2"]
[Round "06"]
[TimeControl "180+1"]
[Date "2021.12.07"]
[WhiteClock "0:00:06"]
[BlackClock "0:00:33"]

1. e4 e5 2. Nf3 Nc6 3. Bc4 Nf6 4. d3 Be7 5. O-O O-O 6. Re1 d6 7. a4 Bg4 8. h3 Bh5 9. Nbd2 Kh8 10. Nf1 Nd4 11. g4 Nxf3+ 12. Qxf3 Bg6 13. a5 Nd7 14. a6 b6 15. Bd5 Rb8 16. b4 Bg5 17. Bc6 Bxc1 18. Raxc1 Nf6 19. Ne3 Ng8 20. Nd5 Ne7 21. Nxe7 Qxe7 22. c4 h5 23. Kg2 Qg5 24. Qe3 Qxe3 25. Rxe3 f6 26. c5 bxc5 27. bxc5 Rb3 28. cxd6 cxd6 29. Bd5 Ra3 30. Rc6 Bf7 31. Bxf7 Rxf7 32. Rxd6 hxg4 33. hxg4 Rc7 34. d4 Ra4 35. dxe5 fxe5 36. Re6 Ra5 37. Rd3 Kg8 38. Rd5 Rxd5 39. exd5 Rd7 40. Rxe5 Rd6 41. f4 Rxa6 42. Re7 Rd6 43. Rxa7 Rxd5 44. Kf3 Rd4 45. g5 Kh7 46. Kg4 Kg6 47. Ra6+ Kf7 48. Kf5 Rd5+ 49. Ke4 Rb5 50. Rd6 g6 51. Rf6+ Kg7 52. Re6 Rb4+ 53. Kf3 Rb1 54. Re7+ Kf8 55. Rc7 Rb2 56. Ke4 Rb4+ 57. Ke5 Kg8 58. Kf6 Rxf4+ 59. Kxg6 Rf8 60. Rg7+ Kh8 61. Rf7 Ra8 62. Re7 Kg8 63. Rg7+ Kh8 64. Rf7 Kg8 65. Rf6 Ra7 66. Rb6 Ra8 67. Kf6 Rf8+ 68. Kg6 Ra8 69. Re6 Rb8 70. Kf6 Rf8+ 71. Ke5 Ra8 72. Kf5 Kf7 73. Rf6+ Kg7 74. Rc6 Ra5+ 75. Kg4 Ra7 76. Kh5 Rb7 77. Rg6+ Kh7 78. Rh6+ Kg7 79. Rf6 Rb1 80. Rf4 Rh1+ 81. Kg4 Rg1+ 82. Kh4 Rh1+ 83. Kg4 Rg1+ 84. Kf5 Ra1 85. Re4 Ra7 86. Re5 Rb7 87. g6 Ra7 88. Kg5 Rb7 89. Rf5 Rc7 90. Rd5 Ra7 91. Rf5 Ra1 92. Rf7+ Kg8 93. Rc7 Rh1 94. Rc5 Kg7 95. Rc7+ Kg8 96. Kf6 Rf1+ 97. Ke6 Rf2 98. Rf7 Rg2 99. Kf6 Rf2+ 100. Kg5 Rg2+ 101. Kf6 Rf2+ 102. Kg5 Rxf7 103. gxf7+ Kxf7 1/2-1/2


[Site "https://www.chess.com"]

[Event "Titled Tuesday Blitz December 7 2021"]
[White "Pour Agha Bala, Amirreza"]
[Black "Manafov, Vugar"]
[WhiteFideId "12572896"]
[BlackFideId "13410814"]
[WhiteElo "2313"]
[BlackElo "2277"]
[Result "1/2-1/2"]
[Round "06"]
[TimeControl "180+1"]
[Date "2021.12.07"]
[WhiteClock "0:00:24"]
[BlackClock "0:00:32"]

1. d4 Nf6 2. c4 e6 3. Nf3 Bb4+ 4. Bd2 a5 5. e3 O-O 6. Bd3 d6 7. O-O Nc6 8. a3 Bxd2 9. Nbxd2 e5 10. d5 Ne7 11. Qc2 h6 12. e4 a4 13. c5 Nd7 14. b4 axb3 15. Nxb3 f5 16. exf5 Nf6 17. cxd6 cxd6 18. a4 Kh8 19. Nh4 Nfxd5 20. Be4 Nf4 21. g3 d5 22. gxf4 dxe4 23. Qxe4 Bxf5 24. Nxf5 Nxf5 25. Nc5 Qd6 26. Nd3 exf4 27. Rad1 Qg6+ 28. Qg2 Qxg2+ 29. Kxg2 Rxa4 30. Rfe1 Kh7 31. Nc5 Rb4 32. Rb1 f3+ 33. Kxf3 Rh4 34. Kg2 Rg4+ 35. Kf1 Nd4 36. Rxb7 Nf3 37. Ree7 Nxh2+ 38. Ke2 Rg2 39. Ne4 Nf3 40. Ke3 Nh4 41. Rf7 Rxf7 42. Rxf7 Rg6 43. Ng3 Re6+ 44. Kf4 Ng6+ 45. Kf5 Re8 46. f4 Ne7+ 47. Ke6 Ng6+ 48. Kf5 Ne7+ 49. Ke6 Ng8+ 50. Kf5 Nf6 51. Ra7 Re3 52. Nf1 Rh3 53. Ne3 Rh5+ 54. Ke6 Kg6 55. f5+ Kh7 56. Nc4 Rh4 57. Nd6 Rh1 58. Ke5 Re1+ 59. Kf4 Rf1+ 60. Ke5 Rd1 61. Ra8 Ng4+ 62. Kf4 Rd4+ 63. Kg3 Ne5 64. Ne8 Rd7 65. f6 g5 66. f7 Rxf7 67. Ra6 Nd7 68. Rd6 Nc5 69. Rd8 Kg6 70. Nd6 Kh7 71. Nxf7 Kg6 1/2-1/2


[Site "https://www.chess.com"]

[Event "Titled Tuesday Blitz December 7 2021"]
[White "Pranav, V"]
[Black "Xiong, Jeffery"]
[WhiteFideId "25060783"]
[BlackFideId "2047640"]
[WhiteElo "2351"]
[BlackElo "2727"]
[Result "0-1"]
[Round "06"]
[TimeControl "180+1"]
[Date "2021.12.07"]
[WhiteClock "0:00:01"]
[BlackClock "0:00:54"]

1. e4 c5 2. Nf3 d6 3. Bb5+ Bd7 4. Bxd7+ Nxd7 5. O-O Ngf6 6. Re1 Rc8 7. c3 e6 8. d4 cxd4 9. cxd4 d5 10. e5 Ne4 11. Nbd2 Nxd2 12. Bxd2 Be7 13. Qa4 a6 14. Rac1 O-O 15. h4 Nb6 16. Qb3 Nc4 17. Qxb7 Rb8 18. Qxa6 Ra8 19. Qb5 Rxa2 20. Bc3 Qb8 21. Qxb8 Rxb8 22. Ra1 Rba8 23. Rxa2 Rxa2 24. Rb1 Kf8 25. h5 Ke8 26. Ne1 Kd7 27. Nd3 Kc6 28. Bb4 Bd8 29. Bf8 Kb5 30. Bxg7 Bb6 31. Bh6 Bxd4 32. Bf4 Na5 33. g4 Kc4 34. Rd1 Nb3 35. Kg2 Bxb2 36. g5 Bc3 37. Be3 d4 38. Bf4 Bd2 39. Bxd2 Kxd3 40. Bf4+ Kc2 41. Rh1 d3 42. Rh3 Ra4 43. Be3 Re4 44. Rh1 Rxe5 45. Bf4 Rf5 46. Be3 d2 47. Kg3 d1=Q 48. Rxd1 Kxd1 49. Kg4 Ke2 50. Bb6 Nd2 51. f4 Ne4 52. Bd4 Nf2+ 53. Bxf2 Kxf2 0-1


[Site "https://www.chess.com"]

[Event "Titled Tuesday Blitz December 7 2021"]
[White "Przybylski, Wojciech"]
[Black "Korchmar, Vasiliy"]
[WhiteFideId "1117599"]
[BlackFideId "24131750"]
[WhiteElo "2247"]
[BlackElo "2370"]
[Result "0-1"]
[Round "06"]
[TimeControl "180+1"]
[Date "2021.12.07"]
[WhiteClock "0:00:13"]
[BlackClock "0:01:36"]

1. e4 c5 2. Nf3 d6 3. Bb5+ Nd7 4. O-O a6 5. Bxd7+ Bxd7 6. c4 e5 7. Nc3 g6 8. d3 Bg7 9. Nd2 Ne7 10. f4 exf4 11. Nf3 b5 12. Bxf4 Qb6 13. Nd5 Nxd5 14. exd5 O-O 15. Rb1 bxc4 16. Nd2 cxd3 17. Nc4 Qb4 18. Nxd6 Qd4+ 19. Kh1 Qxd5 20. Rf3 c4 21. b3 Bg4 22. bxc4 Bxf3 23. cxd5 Bxd1 24. Rxd1 Rab8 25. h3 Rb4 26. Be3 Rd8 27. Bc5 Rb2 28. Rxd3 Rb1+ 29. Kh2 Be5+ 0-1


[Site "https://www.chess.com"]

[Event "Titled Tuesday Blitz December 7 2021"]
[White "Punin, Andrii"]
[Black "Itkis, Boris"]
[WhiteFideId "14112639"]
[BlackFideId "1209167"]
[WhiteElo "2357"]
[BlackElo "2207"]
[Result "1-0"]
[Round "06"]
[TimeControl "180+1"]
[Date "2021.12.07"]
[WhiteClock "0:01:44"]
[BlackClock "0:00:33"]

1. e4 e5 2. Nf3 Nc6 3. Bb5 a6 4. Ba4 d6 5. O-O Bd7 6. d4 b5 7. Bb3 Nxd4 8. Nxd4 exd4 9. c3 dxc3 10. Qh5 g6 11. Qd5 Be6 12. Qc6+ Bd7 13. Qxc3 Nf6 14. e5 dxe5 15. Qxe5+ Be7 16. Bh6 Rg8 17. h3 Be6 18. Nc3 Qd6 19. Qe3 O-O-O 20. Bf4 Qd4 21. Bxe6+ fxe6 22. Qxe6+ Qd7 23. Qxa6+ 1-0


[Site "https://www.chess.com"]

[Event "Titled Tuesday Blitz December 7 2021"]
[White "Rakhmanov, Aleksandr"]
[Black "Pacheco Lugo, Alejandro Jose"]
[WhiteFideId "4173708"]
[BlackFideId "3903745"]
[WhiteElo "2500"]
[BlackElo "2125"]
[Result "1-0"]
[Round "06"]
[TimeControl "180+1"]
[Date "2021.12.07"]
[WhiteClock "0:00:46"]
[BlackClock "0:00:02"]

1. c4 Nf6 2. Nc3 e6 3. e4 d5 4. exd5 exd5 5. d4 Be7 6. Bd3 dxc4 7. Bxc4 O-O 8. Nge2 a6 9. a4 Nc6 10. O-O Nb4 11. Ng3 c6 12. Bg5 h6 13. Bf4 Nfd5 14. Be5 Be6 15. Bxd5 Nxd5 16. Nh5 Nxc3 17. bxc3 f6 18. Bg3 Qd7 19. Re1 Rae8 20. Nf4 Bf7 21. h4 Bd6 22. Qf3 Rxe1+ 23. Rxe1 Re8 24. Rxe8+ Qxe8 25. Nd3 Bh5 26. Qf5 Bxg3 27. fxg3 Qe3+ 28. Kh2 Bf7 29. a5 Be6 30. Qf3 Qd2 31. Nf4 Bf7 32. g4 Qe1 33. Qg3 Qxg3+ 34. Kxg3 g5 35. Nd3 Be6 36. Nc5 Bc8 37. Ne4 Kf7 38. Nd6+ 1-0


[Site "https://www.chess.com"]

[Event "Titled Tuesday Blitz December 7 2021"]
[White "Rangel, Daniel"]
[Black "Tasev, Dejan"]
[WhiteFideId "2124475"]
[BlackFideId "936618"]
[WhiteElo "2187"]
[BlackElo "2253"]
[Result "1-0"]
[Round "06"]
[TimeControl "180+1"]
[Date "2021.12.07"]
[WhiteClock "0:00:49"]
[BlackClock "0:00:06"]

1. c4 Nf6 2. g3 g6 3. Bg2 Bg7 4. Nc3 O-O 5. e3 d6 6. Nge2 Nc6 7. O-O e5 8. Rb1 Be6 9. Nd5 Qd7 10. b4 h6 11. b5 Bxd5 12. Bxd5 Nd8 13. Bg2 Rb8 14. d4 exd4 15. Nxd4 Ne6 16. Nxe6 Qxe6 17. Qa4 Nd7 18. Ba3 Nb6 19. Qxa7 Ra8 20. Qxb7 Rxa3 21. Qxc7 Nxc4 22. b6 Nxb6 23. Rxb6 Rxa2 24. Rxd6 Qf5 25. Bd5 Rb2 26. Qd7 Qxd7 27. Rxd7 Bf6 28. Rc1 Rbb8 29. Rc6 Kg7 30. Rcc7 Rbd8 31. Rxf7+ Rxf7 32. Rxf7+ Kh8 33. Rxf6 1-0


[Site "https://www.chess.com"]

[Event "Titled Tuesday Blitz December 7 2021"]
[White "Rasulov, Vugar"]
[Black "Mirzoev, Azer"]
[WhiteFideId "13402390"]
[BlackFideId "13400304"]
[WhiteElo "2560"]
[BlackElo "2525"]
[Result "0-1"]
[Round "06"]
[TimeControl "180+1"]
[Date "2021.12.07"]
[WhiteClock "0:00:09"]
[BlackClock "0:00:09"]

1. d4 d5 2. c4 c6 3. Nf3 Nf6 4. e3 Bf5 5. Nc3 e6 6. Nh4 Be4 7. Qb3 Qb6 8. c5 Qc7 9. f3 Bg6 10. Bd2 Nbd7 11. Nxg6 hxg6 12. f4 b6 13. cxb6 axb6 14. Rc1 Qb7 15. Be2 Be7 16. O-O O-O 17. g4 Rfc8 18. g5 Ne8 19. h4 b5 20. Qc2 Nb6 21. h5 gxh5 22. Bxh5 Nc4 23. Rf2 b4 24. Na4 g6 25. Bxg6 fxg6 26. Qxg6+ Ng7 27. b3 Bf8 28. Rh2 Nxd2 29. Qh7+ Kf7 30. Rxd2 Ke8 31. Rdc2 Rc7 32. Kf2 Ra6 33. Qg6+ Rf7 34. Qd3 Qa8 35. Rh1 Rxa4 36. bxa4 Qxa4 37. Rhc1 Rc7 38. Qg6+ Kd8 39. Qh7 Qa3 40. Qg8 Ke8 41. Kf3 Qa6 42. g6 c5 43. Rh1 Qd3 44. Rh8 Qe4+ 45. Kg3 Qxe3+ 46. Kg4 Qg1+ 47. Kf3 Qd1+ 48. Re2 Qf1+ 49. Rf2 Qd1+ 50. Kg3 Qg1+ 51. Rg2 Qe3+ 52. Kh2 Qxf4+ 53. Kh1 cxd4 54. Rh3 Rc1+ 55. Rg1 Rxg1+ 56. Kxg1 Qg4+ 57. Kh2 Qxg6 58. Qh8 Qf5 59. Qh4 Qe5+ 60. Kg1 Qf5 61. Rg3 d3 62. Qd4 Qe4 63. Qxd3 Qxd3 64. Rxd3 Nf5 65. Kf2 Bd6 66. Rh3 Kd7 67. Ke2 Kc6 68. Kd3 Kc5 69. Rh8 e5 70. Rc8+ Kb6 71. Re8 Nd4 72. Rd8 Kc6 73. Rc8+ Kd7 74. Ra8 Bc5 75. Ra5 Kd6 76. Ra6+ Kc7 77. Rg6 e4+ 78. Kd2 Nb5 79. Rg5 Kc6 80. Rg6+ Bd6 81. Ke3 Nc3 82. Rg2 Kc5 83. Rd2 Kc4 84. Rd4+ Kc5 85. Rd2 Be5 86. Rg2 Kc4 87. Kd2 Bd4 88. Rg8 Nxa2 89. Rc8+ Bc5 90. Ra8 b3 91. Ra3 Bxa3 0-1


[Site "https://www.chess.com"]